 Dungeon Crawl Stone Soup version 0.18.1-47-g9310371 (webtiles) character file.

260 Jerry the Sneak (level 5, -5/38 HPs)
             Began as a Demigod Enchanter on June 16, 2016.
             Killed by nerve-wracking pain
             ... invoked by an orc priest
              (10 damage)
             ... on level 3 of the Dungeon.
             The game lasted 00:16:50 (3422 turns).

Jerry the Sneak (Demigod Enchanter)                 Turns: 3422, Time: 00:16:51

Health: -5/38      AC:  7    Str: 11    XL:     5   Next: 63%
Magic:  1/10       EV: 12    Int: 21    God:
Gold:   195        SH:  0    Dex: 16    Spells: 2 memorised, 4 levels left

rFire  . . .     SeeInvis .     y - +1 short sword (venom)
rCold  . . .     Gourm    .     b - +1 robe
rNeg   + . .     Faith    .     (no shield)
rPois  +         Spirit   .     (no helmet)
rElec  .         Dismiss  .     (no cloak)
rCorr  .         Reflect  .     l - +2 pair of gloves {archery}
SustAt +         Harm     .     j - +0 pair of boots
MR     .....                    (no amulet)
Stlth  +++.......               t - ring of poison resistance
                                s - ring of positive energy

@: very slightly contaminated, not resistant to hostile enchantments, fairly
stealthy
A: high mp 1, sustain attributes
a: no special abilities


You were on level 3 of the Dungeon.
You were not hungry.

You visited 1 branch of the dungeon, and saw 3 of its levels.
You also visited: Sewer.

You collected 195 gold pieces.

Inventory:

Hand Weapons
 a - a +1 dagger
 y - a +1 short sword of venom (weapon)
Armour
 b - a +1 robe (worn)
 j - a +0 pair of boots (worn)
 l - a +2 pair of gloves of archery (worn)
Jewellery
 m - an uncursed ring of ice
 o - an uncursed ring of see invisible
 s - a ring of positive energy (left hand)
 t - a ring of poison resistance (right hand)
Wands
 k - a wand of digging (18/24)
 x - a wand of digging (21/24)
Scrolls
 g - a scroll of fear {unknown}
 h - 6 scrolls of identify
 i - a scroll of recharging {unknown}
 n - 2 scrolls of remove curse {unknown}
 u - a scroll of random uselessness {unknown}
 v - a scroll of teleportation {unknown}
 D - a scroll of immolation {unknown}
 E - a scroll of fog {unknown}
Potions
 e - 2 potions of curing
 p - a potion of might
 r - a potion of cancellation
 w - a potion of ambrosia {unknown}
 z - a potion of brilliance {unknown}
 A - a potion of agility {unknown}
 B - 3 potions of flight {unknown}
 C - 2 potions of heal wounds {unknown}
Books
 c - a book of Maledictions

   Spells                             Type                      Level
   a - Corona                         Hexes                        1
   b - Ensorcelled Hibernation        Hexes/Ice                    2
   c - Confuse                        Hexes                        3
   d - Tukima's Dance                 Hexes                        3
   e - Dazzling Spray                 Conjuration/Hexes            3
Comestibles
 d - 4 bread rations
 f - 4 fruits
 q - a meat ration


   Skills:
 + Level 3.1 Short Blades
 - Level 1.7 Dodging
 + Level 4.2 Stealth
 - Level 1.7 Spellcasting
 + Level 4.1 Hexes


You had 4 spell levels left.
You knew the following spells:

 Your Spells              Type           Power        Failure   Level  Hunger
a - Corona                Hex            ###....      2%          1    #......
b - Ensorcelled Hibernat  Hex/Ice        ##....       12%         2    ###....


Dungeon Overview and Level Annotations

Branches:
Dungeon (3/15)


Innate Abilities, Weirdness & Mutations

You have an increased reservoir of magic (+10% MP).
Your attributes are resistant to harm.


Message History

Casting: Ensorcelled Hibernation
Confirm with . or Enter, or press ? or * to list all spells.
Aiming: Ensorcelled Hibernation
Press: ? - help, Shift-Dir - straight line, f/p - orc priest
Aim: an orc priest, wielding a mace (chance to defeat MR: 41%)
You miscast Ensorcelled Hibernation.
Nothing appears to happen.
The orc priest hits you but does no damage.
Casting: Ensorcelled Hibernation
Confirm with . or Enter, or press ? or * to list all spells.
Aiming: Ensorcelled Hibernation
Press: ? - help, Shift-Dir - straight line, f/p - orc priest
Aim: an orc priest, wielding a mace (chance to defeat MR: 41%)
The orc priest looks drowsy...
You are too injured to fight recklessly!
The helpless orc priest fails to defend itself.
You impale the orc priest!!
You kill the orc priest!
The orc priest invokes the aid of Beogh against you.
Pain shoots through your body!
You die...

..########..#..#....
# .........#..#...#
### # ..###
#.........# # ..#
#..##..#..# ##### #
..#
#..##..#..###(..# #
###
#..##...........# #
# #.........###...#
### #
#.###.###.####.##
#.) ## ###.# .#
#.@..#.# #.#
.####.#.# ####o#.#
#)# .....#..# #.#.#
###.# .####.#.###
#o#.# #..(. ##
#.#.##...#####)#.#
#####.#.# .
........>ooo...#.#
#........ .
.....##...#######.#
#.#.###.# #
###......
#.####........
######
#......#.###.#


You could see an orc priest.

Vanquished Creatures
  A big kobold (Sewer)
  An orc priest (D:3)
  4 gnolls (D:3)
  2 adders
  2 river rats (Sewer)
  An ooze (D:1)
  3 worms
  2 dart slugs
  4 giant geckos
  An orc (D:3)
  4 giant cockroaches
  10 goblins
  6 hobgoblins
  4 jackals
  A quokka (D:2)
  7 bats
  2 giant newts
  9 kobolds
  9 rats
73 creatures vanquished.

Notes
Turn   | Place    | Note
--------------------------------------------------------------
     0 | D:1      | Jerry the Demigod Enchanter began the quest for the Orb.
     0 | D:1      | Reached XP level 1. HP: 14/14 MP: 5/5
   268 | D:1      | Reached skill level 1 in Short Blades
   268 | D:1      | Reached XP level 2. HP: 19/20 MP: 4/7
  1346 | D:2      | Reached XP level 3. HP: 22/26 MP: 8/8
  1350 | D:2      | Learned a level 2 spell: Ensorcelled Hibernation
  2453 | D:3      | Reached XP level 4. HP: 25/33 MP: 2/9
  2652 | D:3      | Found a glowing drain.
  2668 | Sewer    | Entered a sewer
  2765 | Sewer    | Noticed a big kobold
  2787 | Sewer    | Killed a big kobold
  2787 | Sewer    | Reached XP level 5. HP: 34/38 MP: 0/10
  2876 | Sewer    | Found a white marble altar of Elyvilon.
  3422 | D:3      | Killed from afar by an orc priest

Skill      XL: |  1  2  3  4 |
---------------+-------------+-----
Hexes          | 3 4 |  4.1
Short Blades   | 1 2 3 |  3.1
Stealth        | 3 4 |  4.2
Dodging        | |  1.7
Spellcasting   | |  1.7

Action                   |  1- 3 |  4- 6 || total
-------------------------+-------+-------++-------
Melee: Dagger            |   117 |    28 ||   145
       Short sword       |       |    20 ||    20
 Cast: Corona            |    21 |       ||    21
       Ensorcelled Hiber |    17 |    21 ||    38
  Use: Scroll            |     3 |       ||     3
 Stab: Sleeping          |    20 |    22 ||    42
  Eat: Chunk             |     6 |     5 ||    11
Armor: Robe              |    33 |     9 ||    42
Dodge: Dodged            |    69 |    24 ||    93
